 Dungeon Crawl Stone Soup version 0.27.0-66-gdc8fb28755 (webtiles) character file.

Game seed: 6031755573458849339

14 loansindi the Conjurer (level 2, 0/19 HPs)
             Began as a Human Conjurer on Aug 20, 2021.
             Succumbed to a kobold's poison
             ... on level 1 of the Dungeon.
             The game lasted 00:01:15 (399 turns).

loansindi the Conjurer (Human Conjurer)              Turns: 399, Time: 00:01:15

Health: 0/19       AC:  2    Str:  7    XL:     2   Next: 55%
Magic:  1/5        EV: 12    Int: 18    God:
Gold:   28         SH:  0    Dex: 11    Spells: 2/5 levels left

rFire    . . .     SeeInvis .   b - +0 short sword (venom)
rCold    . . .     Faith    .   (no shield)
rNeg     . . .     Spirit   .   a - +0 robe
rPois    .         Reflect  .   (no helmet)
rElec    .         Harm     .   (no cloak)
rCorr    .         Rampage  .   (no gloves)
Will     .....                  (no boots)
Stlth    ++........             (no amulet)
HPRegen  0.06/turn              (no ring)
MPRegen  0.09/turn              (no ring)

@: lethally poisoned (0 -> -6)
A: no striking features
a: no special abilities


You were on level 1 of the Dungeon.
You visited 1 branch of the dungeon, and saw 1 of its levels.

You collected 28 gold pieces.

Inventory:

Hand Weapons
 b - a +0 short sword of venom (weapon)
Missiles
 c - 3 poisoned darts
Armour
 a - a +0 robe (worn)
Potions
 d - a potion of flight {unknown}


   Skills:
 + Level 2.1 Dodging
 + Level 2.0 Stealth
 + Level 2.0 Spellcasting
 + Level 4.5 Conjurations


You had 2 spell levels left.
You knew the following spells:

 Your Spells              Type           Power      Damage    Failure   Level
a - Magic Dart            Conj           72%        1d6       2%          1
b - Searing Ray           Conj           36%        3d4       4%          2

Your spell library contained the following spells:

 Spells                   Type           Power      Damage    Failure   Level
 Dazzling Flash           Conj/Hex       18%        N/A       22%         3
 Gell's Gravitas          Tloc           0%         N/A       47%         3
 Teleport Other           Tloc           1%         N/A       47%         3
 Fulminant Prism          Conj/Hex       4%         3d6       56%         4
 Iskenderun's Mystic Bla  Conj/Tloc      9%         2d4       56%         4
 Dispersal                Tloc           0%         N/A       100%        6


Dungeon Overview and Level Annotations

Branches:
Dungeon (1/15)

Altars:


Message History

The jackal barks!
The magic dart hits the jackal.
The jackal is heavily wounded.
A jackal comes into view.
The magic dart hits the jackal.
You kill the jackal!
The magic dart hits the jackal.
The jackal is almost dead.
A jackal comes into view.
The magic dart hits the jackal but does no damage.
The jackal barks!
An endoplasm comes into view.
A jackal comes into view.
You are too depleted to draw on your mana recklessly!
The jackal barks!
A rat comes into view.
The jackal bites you but does no damage.
A kobold comes into view.
It is wielding a +2 short sword of venom.
You closely miss the jackal.
The kobold shouts!
The jackal bites you. The jackal closely misses you.
The kobold hits you with a +2 short sword of venom.
You are lethally poisoned!
The jackal bites you.
You hit the kobold.
You kill the kobold!
You feel very sick. The jackal barely misses you.
* * * LOW HITPOINT WARNING * * *
You feel sick. The jackal closely misses you.
Things that are here:
a +2 short sword of venom; 2 stones; a kobold corpse You are too injured to fight recklessly!
Casting: Magic Dart (safe; 2% risk of failure)
Confirm with . or Enter, or press ? or * to list all spells.
You don't have enough magic to cast this spell.
* * * LOW HITPOINT WARNING * * *
You feel sick.
* * * LOW HITPOINT WARNING * * *
You feel sick.
You die...

#.. #.# .. .. #.# ...
#.##.# ...#### #..#.#
....... #..#.# .#.#.#.
....# .$.....########..#
#.#.#.#..J.h.hh.@# .
..†.....#######..######..
.#.#.#.#.................
.......................
#.#.#.#.#...............#
..r ......#######..######
.# #.#.#.#...............
.! .....##.......#####
######
#.#.#.#.#.......#.#
♣♣♣≈≈≈≈♣


You could see an endoplasm and 3 jackals.

Vanquished Creatures
  2 endoplasms (D:1)
  2 hobgoblins (D:1)
  A jackal (D:1)
  2 kobolds (D:1)
  A ball python (D:1)
  2 bats (D:1)
  A frilled lizard (D:1)
  2 rats (D:1)
13 creatures vanquished.

Notes
Turn   | Place    | Note
-------+----------+-------------------------------------------
     0 | D:1      | loansindi the Human Conjurer began the quest for the Orb.
     0 | D:1      | Reached XP level 1. HP: 13/13 MP: 3/3
   238 | D:1      | Reached XP level 2. HP: 19/19 MP: 3/5
   338 | D:1      | Learned a level 2 spell: Searing Ray
   399 | D:1      | Succumbed to a kobold's poison

Illustrated notes

Levels and vault maps discovered:
D:1:      sevenhm_arrival_forest_fort_small_5, layout_basic,
          dreamdust_ecumenical_altar_grove, hex_large

Action                   || total
-------------------------++-------
Melee: Unarmed           ||     7
       Short sword       ||     2
 Cast: Magic Dart        ||    22
Armor: Robe              ||     5
Dodge: Dodged            ||    13
